 Dungeon Crawl Stone Soup version 0.31.0-11-ge490571c62 (webtiles) character file.

Game seed: 14049122042999340125

3056 browni3141 the Cleaver (level 9, -6/85 HPs)
             Began as a Minotaur Fighter on Jan 28, 2024.
             Was a Follower of Okawaru.
             Mangled by an orc knight
             ... wielding a +0 halberd
              (17 damage)
             ... in a bailey.
             The game lasted 00:04:37 (6897 turns).

browni3141 the Cleaver (Minotaur Fighter)           Turns: 6897, Time: 00:04:38

Health: -6/85      AC: 10    Str: 25    XL:     9   Next: 57%
Magic:  7/8        EV:  8    Int:  5    God:    Okawaru [*.....]
Gold:   520        SH:  5    Dex: 16    Spells: 8/8 levels left

rFire   . . .        a - +0 war axe
rCold   . . .        c - +0 buckler
rNeg    . . .        e - +0 chain mail
rPois   .            (helmet restricted)
rElec   .            (no cloak)
rCorr   .            (no gloves)
SInv    .            q - +0 pair of boots
Will    +....        (no amulet) Stlth
                     g - ring of willpower
HPRegen 0.34/turn    u - +6 ring of dexterity
MPRegen 0.11/turn

%: no passive effects
@: hasted, very quick
A: horns 2, retaliatory headbutt
a: Renounce Religion, Heroism


You were in a bailey.
You worshipped Okawaru.
Okawaru was aware of your devotion.
You visited 2 branches of the dungeon, and saw 8 of its levels.
You also visited: Bailey.

You collected 642 gold pieces.
You spent 122 gold pieces at shops.

Inventory:

Hand Weapons
 a - a +0 war axe (weapon)
Missiles
 s - a throwing net (quivered)
 A - 4 javelins
Armour
 b - a +0 scale mail
 c - a +0 buckler (worn)
 e - a +0 chain mail (worn)
 q - a +0 pair of boots (worn)
Jewellery
 g - a ring of willpower (left hand)
 l - a ring of wizardry
 p - a ring of ice
 u - a +6 ring of dexterity (right hand)
 w - a ring of magical power
Wands
 v - a wand of light (10)
 B - a wand of mindburst (6)
Scrolls
 j - a scroll of enchant weapon
 k - 3 scrolls of fog
 m - a scroll of immolation
 n - 2 scrolls of noise
 o - a scroll of amnesia
 y - a scroll of vulnerability
 C - a scroll of poison {unknown}
Potions
 d - a potion of might
 f - 3 potions of enlightenment
 i - a potion of resistance
 r - 2 potions of curing
 t - a potion of cancellation {unknown}
 x - 2 potions of brilliance {unknown}
 z - a potion of degeneration {unknown}


   Skills:
 + Level 10.0 Fighting
 * Level 13.1 Axes
 - Level 3.6 Armour
 - Level 3.6 Shields


You had 8 spell levels left.
You didn't know any spells.
Your spell library contained the following spells:

 Spells                   Type           Power      Damage    Failure   Level
 Slow                     Hex            0%         N/A       98%         1
 Confusing Touch          Hex            0%         N/A       100%        3
 Gell's Gravitas          Tloc           0%         N/A       100%        3
 Sigil of Binding         Hex            0%         N/A       100%        3
 Teleport Other           Tloc           0%         N/A       100%        3
 Vampiric Draining        Necr           0%         2d6       100%        3
 Dimensional Bullseye     Hex/Tloc       0%         N/A       100%        4
 Iskenderun's Mystic Bla  Conj/Tloc      0%         2d3       100%        4
 Dispersal                Tloc           0%         N/A       100%        6
 Tukima's Dance           Hex            Unusable   N/A       N/A         3

Dungeon Overview and Level Annotations

Branches:
Dungeon (7/15)             Temple (1/1) D:7          Bailey (1/1)

Altars:
Ashenzari
Cheibriados
Dithmenos
Elyvilon
Fedhas
Gozag
Hepliaklqana
Kikubaaqudgha
Makhleb
Nemelex Xobeh
Okawaru
Qazlal
Ru
Sif Muna
Trog
Uskayaw
Vehumet
Wu Jian
Xom
Yredelemnul
Zin
The Shining One

Shops:
D:3 ***(?


Innate Abilities, Weirdness & Mutations

You have a pair of horns on your head.
You reflexively headbutt those who attack you in melee.


Message History

Moving in this stuff is going to be slow.
You open the door.
An orc warrior comes into view. It is wielding a +0 halberd.
The orc warrior shouts!
The orc warrior hits you from afar with a +0 halberd.
An orc warrior is nearby!
The orc warrior hits you with a +0 halberd.
There is an open door here.
You miss the orc warrior. Your headbutt misses the orc warrior.
You block the orc warrior's attack.
You closely miss the orc warrior.
The orc warrior grunts repeatedly, as Orcs often do.
You block the orc warrior's attack.
You closely miss the orc warrior. The orc warrior barely misses you.
You slash the orc warrior! You headbutt the orc warrior!
The orc warrior is severely wounded.
The orc warrior closely misses you.
You slash the orc warrior!
You kill the orc warrior!
Okawaru accepts your kill.
Things that are here:
a +0 halberd; a +0 ring mail; an orc corpse No target in view!
There is an open door here.
You enter the shallow water.
Moving in this stuff is going to be slow.
You open the gate.
Found two gates leading back out of this place.
No target in view!
No target in view!
There is an open gate here.
You see here a +2 orcbow of flaming.
As you open the door, it creaks loudly!
An orc warrior, 2 orc knights and an orc come into view.
The orc warrior shouts!
The orc knight shouts!
The orc shouts!
The orc knight roars a battlecry!
The orcs go into a battle-frenzy!
You gain the combat prowess of a mighty hero.
Aiming: Bolt of Light
Press: ? - help, Shift-Dir - straight line, f - orc knight
Aim: an orc knight, wielding a +0 glaive and wearing a +0 chain mail (strong, 68% to hit)
Okay, then.
There is an open gate here.
Aiming: Bolt of Light
Press: ? - help, Shift-Dir - straight line, f - orc warrior
Aim: an orc warrior, wielding a +0 halberd and wearing a +0 plate armour (strong, 71% to hit)
The bolt of light hits the orc knight!
The orc knight is lightly wounded.
The orc knight is blinded.
The bolt of light hits the orc warrior!
The orc warrior is heavily wounded.
The orc warrior is blinded.
The orc knight closely misses you.
Aiming: Bolt of Light
Press: ? - help, Shift-Dir - straight line, f/p - orc warrior
Aim: an orc warrior, wielding a +0 halberd and wearing a +0 plate armour (heavily wounded, strong, blind, unable to see you, 71% to hit)
The bolt of light hits the orc knight!
The orc knight is moderately wounded.
The bolt of light hits the orc warrior.
The orc warrior is heavily wounded.
The orc knight hits you from afar with a +0 glaive!
You block the orc's attack.
There is a gate leading back out of this place here.
You slice the orc knight!!
The orc knight is severely wounded.
You hit the orc knight but do no damage.
The orc hits you from afar with a +0 spear.
The orc knight hits you with a +0 glaive!!
You block the orc knight's attack.
You hit the orc knight.
You headbutt the orc knight, but do no damage.
The orc knight is severely wounded.
You hit the orc knight but do no damage.
The orc hits you from afar with a +0 spear.
You closely miss the orc knight.
You headbutt the orc knight, but do no damage.
The orc knight is severely wounded.
You hit the orc knight.
The orc knight hits you with a +0 glaive!
The orc knight hits you with a +0 halberd!
You completely miss the orc knight. Your headbutt misses the orc knight.
The orc knight is severely wounded.
You hit the orc knight but do no damage.
The orc hits you but does no damage. You block the orc knight's attack.
The orc warrior barely misses you.
You feel better.
The orc hits you from afar with a +0 spear.
The orc warrior hits you from afar with a +0 halberd!
You block the orc knight's attack.
The orc knight hits you with a +0 halberd.
You feel better.
You feel like a meek peon again. The orc closely misses you.
You block the orc knight's attack. The orc warrior barely misses you.
You feel yourself speed up. The orc hits you but does no damage.
You block the orc warrior's attack.
The orc knight hits you but does no damage.
The orc knight hits you with a +0 halberd.
The orc knight roars a battlecry!
The orc knight goes into a battle-frenzy!
The orc knight hits you from afar with a +0 halberd!
You die...

.~~~~~~~~##~~#'#'#~~##~~~~~~~~...
.~~~~~~~~#~~##)#)##~~#~~~~~~~~...
.~~~~~~~##~#########~##~~~~~~~...
.~~~~~~~##~'.#:.?#.'~##~~~~~~~...
.~~~~~~~##~###.8.###~##~~~~~~~...
.~~~~~~~##~')#.o.#)'~##~~~~~~~...
.~~~~~~~##~####o####~##~~~~~~~...
.~~~~~~~##~~##∩o∩##~~#~~~~~~~~...
.~~~~~~~~~~~##''@#~~##~~~~~~~~...
.~~~)~~~~~~~##~~~~~##~~~~~~~~~...
.~≈≈)≈≈≈~~~~##~~~~##~~~≈≈≈~≈≈~...
.≈≈#)##≈~~~~#######~~~~≈##.#≈≈...
.≈##.∩#≈~~~~~~~~~~~~~~~≈#∩.##≈...
.≈#....~~~~~~~~~~~~~~~~~))..#≈...
.≈##.##≈~~~~~~~~~~~~~~~≈##.##≈...
.≈≈###≈≈~~~~~~~~~~~~~~~≈≈###≈≈...
.~≈≈≈≈≈~~~~~~~~~~~~~~~~~≈≈≈≈≈~...


You could see 2 orc knights and an orc warrior (strong, blind, unable to see
you).

Vanquished Creatures
  Duvessa (D:6)
  11 orc warriors (Bailey)
  2 black bears
  An ice beast (D:5)
  2 ogres (D:6)
  A centaur (D:5)
  A kobold brigand (D:7)
  A phantom (D:5)
  A scorpion (D:6)
  Dowan (D:6)
  A howler monkey (D:7)
  4 orc priests
  A bombardier beetle (D:5)
  2 jellies (D:6)
  A gnoll bouda (D:7)
  3 hounds
  7 iguanas
  4 sleepcaps
  Natasha (thrice) (D:3)
  3 orc wizards
  A gnoll (D:7)
  7 adders
  A shadow imp (D:6)
  2 white imps (D:7)
  2 ufetubi (D:6)
  2 dart slugs
  2 ribbon worms
  26 orcs
  6 endoplasms
  5 giant cockroaches
  9 goblins
  10 hobgoblins
  11 jackals
  8 kobolds
  2 quokkas (D:1)
  4 ball pythons
  7 bats
  4 rats
160 creatures vanquished.

Vanquished Creatures (collateral kills)
  A centaur (D:7)
  3 gnolls (D:7)
  3 kobolds (D:7)
7 creatures vanquished.

Grand Total: 167 creatures vanquished

Notes
Turn   | Place    | Note
-------+----------+-------------------------------------------
     0 | D:1      | browni3141 the Minotaur Fighter began the quest for the
                  | Orb.
     0 | D:1      | Reached XP level 1. HP: 19/19 MP: 0/0
   182 | D:1      | Reached skill level 3 in Axes
   235 | D:1      | Reached XP level 2. HP: 27/27 MP: 1/1
   945 | D:2      | Reached XP level 3. HP: 29/33 MP: 2/2
   997 | D:2      | Reached skill level 4 in Axes
  1564 | D:3      | Found Koownog's Magic Scroll Emporium.
  1570 | D:3      | Bought a scroll of identify for 26 gold pieces
  1570 | D:3      | Bought a scroll of identify for 26 gold pieces
  1570 | D:3      | Bought a scroll of identify for 26 gold pieces
  1586 | D:3      | Reached XP level 4. HP: 39/41 MP: 3/3
  1611 | D:3      | Noticed Natasha
  1620 | D:3      | Killed Natasha
  1764 | D:3      | Reached skill level 5 in Axes
  1964 | D:3      | Noticed Natasha
  1965 | D:3      | Found Sodgheefi's Assorted Antiques.
  1969 | D:3      | Killed Natasha
  2022 | D:3      | Found Oluy's General Store.
  2072 | D:3      | Noticed Natasha
  2077 | D:3      | Killed Natasha
  2078 | D:3      | Reached skill level 5 in Fighting
  2078 | D:3      | Reached XP level 5. HP: 48/48 MP: 4/4
  2084 | D:3      | Found Dofil's General Store.
  2093 | D:3      | Bought a scroll of fog for 44 gold pieces
  2133 | D:3      | HP: 2/48 [orc priest/+0 club (1)]
  2138 | D:3      | Reached skill level 6 in Axes
  2326 | D:3      | Found a burning altar of Makhleb.
  2449 | D:3      | Found Oroidewi's Weapon Emporium.
  2647 | D:4      | Reached XP level 6. HP: 56/56 MP: 5/5
  3332 | D:4      | Reached skill level 7 in Axes
  3527 | D:4      | Found a sparkling altar of Nemelex Xobeh.
  3692 | D:5      | Entered Level 5 of the Dungeon
  3751 | D:5      | Reached XP level 7. HP: 56/63 MP: 6/6
  3847 | D:5      | Reached skill level 8 in Axes
  4165 | D:5      | Reached skill level 9 in Axes
  4467 | D:6      | Reached XP level 8. HP: 73/73 MP: 7/7
  4554 | D:6      | Noticed Dowan
  4557 | D:6      | Noticed Duvessa
  4568 | D:6      | Killed Duvessa
  4569 | D:6      | Reached skill level 10 in Axes
  4569 | D:6      | Killed Dowan
  5172 | D:6      | Reached skill level 11 in Axes
  5367 | D:7      | Found a staircase to the Ecumenical Temple.
  5404 | Temple   | Entered the Ecumenical Temple
  5414 | Temple   | Became a worshipper of Warmaster Okawaru
  5804 | D:7      | Reached XP level 9. HP: 83/83 MP: 8/8
  5878 | D:7      | Found a glowing golden altar of the Shining One.
  5907 | D:7      | Found a flagged portal.
  5920 | Bailey   | Entered a bailey
  5976 | Bailey   | Reached skill level 12 in Axes
  6241 | Bailey   | Reached * piety under Okawaru
  6800 | Bailey   | Reached skill level 10 in Fighting
  6800 | Bailey   | Reached skill level 13 in Axes
  6884 | Bailey   | Noticed an orc knight
  6884 | Bailey   | Noticed an orc knight
  6894 | Bailey   | HP: 4/85 [orc knight/+0 halberd (5)]
  6897 | Bailey   | Mangled by an orc knight

Illustrated notes

Levels and vault maps discovered:
D:1:      heliophobic_arrival_dark_side_of_the_moon, layout_loops_ring,
          amcnicky_mini_rare_corridor_liquid
D:2:      layout_loops_ring, nicolae_elevator_lobby_asterisk
D:3:      layout_loops_ring, mainiacjoe_overflow_alcove_2, serial_shops,
          nicolae_square_shop, shop, nicolae_shop_waterfront, shop,
          nicolae_shop_rolling_square, st_stairs_6, uniq_natasha
D:4:      layout_basic, nemelex_spade_bored_becter, kennysheep_cluttered_room
D:5:      layout_gridville, nrook_mini_vaults, minmay_gold_behind_fungi,
          kennysheep_windowed_goal
D:6:      layout_basic, uniq_duvessa
D:7:      layout_rooms, mainiacjoe_overflow_catwalk, minmay_temple_entry_trees,
          serial_aquarium, aquarium_bridge_straight [aquarium_subvault_bridge,
          aquarium_subvault_wall, aquarium_subvault_bridge,
          aquarium_subvault_window], aquarium_window_corridor_3,
          aquarium_window_corner, aquarium_view_2d, aquarium_balcony_5b,
          aquarium_pool_corner, enter_bailey_4
Temple:   compressed_dpeg_triangle_lava_temple
Bailey:   bailey_polearm_2, bailey

Skill      XL: |  1  2  3  4  5  6  7  8  9 |
---------------+----------------------------+-----
Axes           | 3 4 5 6 7 9 11 13 | 13.1
Fighting       | 4 5 6 7 9 10 | 10.0
Armour         | |  3.6
Shields        | |  3.6

Action                     |  1- 3 |  4- 6 |  7- 9 || total
---------------------------+-------+-------+-------++-------
  Melee: War axe           |    78 |    98 |   251 ||   427
         Headbutt          |     9 |    14 |    49 ||    72
 Invoke: Heroism           |       |       |     1 ||     1
  Evoke: Wand              |       |       |     5 ||     5
    Use: Scroll            |     7 |     3 |     2 ||    12
         Potion            |       |       |     3 ||     3
   Stab: Invisible         |       |       |     1 ||     1
 Armour: Scale mail        |    47 |    31 |       ||    78
         Chain mail        |       |    47 |   232 ||   279
  Dodge: Dodged            |    42 |    53 |    95 ||   190
  Block: Buckler           |    21 |    18 |    82 ||   121
